 Dungeon Crawl Stone Soup version 0.31-a0-620-gd1cbd99268 (webtiles) character file.

Game seed: 13864112732883734105

1367 kae the Mimic (level 8, -10/59 HPs)
             Began as a Purple Draconian Shapeshifter on Aug 23, 2023.
             Mangled by an ogre
             ... wielding a +0 giant club
              (29 damage)
             ... on level 6 of the Dungeon.
             The game lasted 00:03:17 (3620 turns).

kae the Mimic (Purple Draconian Shapeshifter)       Turns: 3620, Time: 00:03:18

Health: -10/59     AC: 17    Str: 18    XL:     8   Next: 38%
Magic:  8/8        EV: 12    Int:  9    God:
Gold:   164        SH:  0    Dex: 13    Spells: 7/7 levels left

rFire   . . .        k - +1 hand axe (protect)
rCold   . . .        (no shield)
rNeg    . . .        (body armour unavailable)
rPois   .            (helmet currently unavailable)
rElec   .            (cloak currently unavailable)
rCorr   .            (gloves currently unavailable)
SInv    .            (boots currently unavailable)
Will    +....        (no amulet)
Stlth   +            O - +4 ring of protection
HPRegen 0.29/turn    (no ring)
MPRegen 0.11/turn

%: no passive effects
@: mighty, beast-form, under a protective aura
A: beast (slay +4), breathe power, AC +6, unfitting armour, cold-blooded
a: Breathe Dispelling Energy, Begin Untransformation


You were on level 6 of the Dungeon.
You were a hulking beast.
You visited 1 branch of the dungeon, and saw 6 of its levels.

You collected 279 gold pieces.
You spent 115 gold pieces at shops.


Innate Abilities, Weirdness & Mutations

You are a hulking beast.
Your limbs bulge with bestial killing power. (Slay +4)
You can breathe bolts of dispelling energy.
Your rich purple scales are hard. (AC +6)
You cannot fit into any form of body armour.
You are cold-blooded and may be slowed by cold attacks.


   Skills:
 - Level 1.1 Fighting
 - Level 1.7 Dodging
 + Level 6.7 Unarmed Combat
 * Level 8.3 Shapeshifting


You had 7 spell levels left.
You didn't know any spells.
Your spell library contained the following spells:

 Spells                   Type           Power      Damage    Failure   Level
 Blink                    Tloc           0%         N/A       52%         2
 Cigotuvi's Dreadful Rot  Necr/Pois/Air  0%         N/A       52%         2
 Ignite Poison            Fire/Tmut/Pois 0%         N/A       77%         3
 Manifold Assault         Tloc           0%         N/A       99%         4
 Freezing Cloud           Conj/Ice/Air   0%         6-21      100%        5

Inventory:

Hand Weapons
 k - a +1 hand axe of protection (weapon)
   (You took it off an orc on level 2 of the Dungeon)
Missiles
 d - 14 poisoned darts
 i - 63 stones
 l - 7 boomerangs
 r - 2 datura-tipped darts
 s - 2 curare-tipped darts {=f}
Magical Staves
 h - a staff of cold {!a}
   (You found it on level 1 of the Dungeon)
Jewellery
 F - a ring of fire
   (You found it on level 1 of the Dungeon)
 O - a +4 ring of protection (left hand)
   (You found it on level 3 of the Dungeon)
Talismans
 b - a beast talisman (active)
 c - a flux talisman
Scrolls
 f - a scroll of teleportation {@r4}
 n - 2 scrolls of revelation
 o - a scroll of enchant weapon {unknown}
 q - a scroll of poison {!r}
Potions
 a - a potion of lignification {!q}
 e - a potion of might
 g - a potion of degeneration {!q}
 j - 2 potions of invisibility
 m - a potion of heal wounds {@q2}
 p - 2 potions of resistance {unknown}

Dungeon Overview and Level Annotations

Branches:
Dungeon (5/15) Zot: 26891
 Temple: D:4-7

Altars:
Nemelex Xobeh
Okawaru
The Shining One

Shops:
D:3 ?   D:5 *

Annotations:
D:3 1 exclusion

. ...... #..##......
##.......... ##..#........
#...##...#....(...
................... .....
#...O...... .....#
##sh..............
......##................#
.........#.....##.......#
...........#...............
.........).####..........
#.......)....>.#####...#
#.........#...#)#.#...#
#.............#.#....#
#...........8.#8#.8..#


You could see an ogre and a scorpion.


Message History

You hit the gnoll.
You kill the gnoll! 😕 HP[+1] No target in view!
No target in view!
You see here a +0 spear.
No target in view!
No target in view!
You start resting. 😎 HP[+2]
Your hp is fully restored (59).
Unknown command.
A hound comes into view.
A hound is nearby!
Unknown command.
A hound is nearby!
The hound barks!
A wight comes into view. It is wielding a +1 heavy halberd.
The hound bites you. 😕 HP[-4]
You take 4 damage, and now have 55/59 hp.
You barely miss the hound. The hound completely misses you.
A wight comes into view. It is wielding a +1 flail.
The hound bites you but does no damage.
You hit the hound.
Your weapon exudes an aura of protection.
The hound bites you but does no damage.
A wight comes into view. It is wielding a +0 short sword.
The hound bites you but does no damage. 😕 HP[+1]
You slash the hound! You tail-slap the hound.
You kill the hound!
The wight hits you from afar with a +1 heavy halberd!
You feel drained.
Your Shapeshifting skill increases to level 8!
The wight misses you. 😮 HP[-15]
You now have 58 max hp (-1).
You take 15 damage, and now have 41/58 hp.
MASSIVE DAMAGE!! (PAUSE) Unknown command.
You feel very mighty all of a sudden.
You slash the wight! You tail-slap the wight.
You destroy the wight!
Your life force feels restored.
You slash the wight! You closely miss the wight.
The wight closely misses you. x2
The wight hits you but does no damage. x2 😮 HP[+1]
You now have 59 max hp (+1).
You slash the wight!
You destroy the wight!
You hit the wight. The wight hits you with a +1 flail.
You are too injured to fight recklessly! 😮 HP[-4]
You take 4 damage, and now have 38/59 hp.
You are too injured to fight recklessly!
You are too injured to fight recklessly!
You are too injured to fight recklessly!
You are too injured to fight recklessly!
You are too injured to fight recklessly!
You are too injured to fight recklessly!
You barely miss the wight. The wight misses you.
You slash the wight! You tail-slap the wight!
You destroy the wight!
Unknown command.
Things that are here:
a +1 flail; a +0 robe; a hound corpse; 😮 HP[+1] Unknown command.
A scorpion comes into view. 😕 HP[+6]
You regained 6 hp, and now have 45/59 hp.
A scorpion is nearby!
An ogre comes into view. It is wielding a +0 giant club.
The ogre shouts!
You slash the scorpion!
Your weapon exudes an aura of protection.
The scorpion stings you but does no damage.
The scorpion stings you. 😮 HP[-5]
You take 5 damage, and now have 40/59 hp.
You are too injured to fight recklessly!
You are too injured to fight recklessly!
You are too injured to fight recklessly!
You are too injured to fight recklessly!
You are too injured to fight recklessly!
You are too injured to fight recklessly!
Unknown command.
The scorpion barely misses you.
You hit the scorpion.
Your tail-slap misses the scorpion.
You hit the ogre.
The scorpion stings you but does no damage.
The ogre hits you with a +0 giant club!!
* * * LOW HITPOINT WARNING * * *
The scorpion stings you but does no damage. 😨 HP[-21]
You take 21 damage, and now have 19/59 hp.
MASSIVE DAMAGE!! (PAUSE)
You slash the ogre! You punch the ogre! You closely miss the scorpion.
The scorpion completely misses you.
The ogre hits you with a +0 giant club!!
You die...

Skill      XL: |  1  2  3  4  5  6  7  8 |
---------------+-------------------------+-----
Shapeshifting  | 4 5 6 7 8 |  8.3
Unarmed Combat | 4 5 6 |  6.7
Fighting       | |  1.1
Dodging        | |  1.7

Action                     |  1- 3 |  4- 6 |  7- 9 || total
---------------------------+-------+-------+-------++-------
  Melee: Unarmed           |    89 |       |       ||    89
         Tailslap          |    12 |    11 |    17 ||    40
         Hand axe          |    23 |    90 |    76 ||   189
         Punch             |       |       |     2 ||     2
    Use: Scroll            |     7 |     3 |     2 ||    12
         Potion            |       |       |     1 ||     1
   Stab: Sleeping          |     2 |       |       ||     2
 Armour: Skin              |    39 |    35 |    38 ||   112
  Dodge: Dodged            |    65 |    46 |    36 ||   147

Levels and vault maps discovered:
D:1:      minmay_arrival_hallway, layout_rooms
D:2:      layout_rooms
D:3:      layout_basic, kennysheep_okawaru_gauntlet,
          shapermc_ecumenical_altar_mp_vishouse, serial_shops, shop,
          uniq_jessica
D:4:      layout_basic, tso_altar, uniq_pikel
D:5:      layout_loops_cross, kennysheep_little_box, serial_shops,
          nicolae_shop_stone, chequers_serial_rivers_micro_d
D:6:      layout_cave_pools, serial_gnoll_camp, gnoll_camp_mini_basic,
          gnoll_camp_mini_hut, gnoll_camp_mini_basic, gnoll_camp_mini_hut,
          gnoll_camp_mini_shop, gnoll_camp_mini_house,
          nicolae_twisty_statue_hallways

Notes
Turn   | Place    | Note
-------+----------+-------------------------------------------
     0 | D:1      | kae the Draconian Shapeshifter began the quest for the Orb.
     0 | D:1      | Reached XP level 1. HP: 16/16 MP: 1/1
     0 | D:1      | magus.rc [v1.11.3]
    74 | D:1      | Reached XP level 2. HP: 20/23 MP: 2/2
   338 | D:1      | Reached XP level 3. HP: 28/28 MP: 3/3
   869 | D:2      | Reached skill level 4 in Shapeshifting
  1163 | D:3      | Reached XP level 4. HP: 35/35 MP: 4/4
  1236 | D:3      | You add the spells Cigotuvi's Dreadful Rot, Ignite Poison
                  | and Freezing Cloud to your library.
  1244 | D:3      | Found a faded altar of an unknown god.
  1285 | D:3      | Found Adeoh's Magic Scroll Emporium.
  1310 | D:3      | Identified the +5 ring mail of Roohympu {Int+4}
  1312 | D:3      | Bought a scroll of revelation for 75 gold pieces
  1312 | D:3      | Bought a scroll of identify for 20 gold pieces
  1312 | D:3      | Bought a scroll of identify for 20 gold pieces
  1366 | D:3      | Noticed Jessica
  1372 | D:3      | Killed Jessica
  1373 | D:3      | Reached skill level 4 in Unarmed Combat
  1390 | D:3      | Found an iron altar of Okawaru.
  1542 | D:4      | Noticed an ogre
  1551 | D:4      | Killed an ogre
  1552 | D:4      | Reached skill level 5 in Shapeshifting
  1552 | D:4      | Reached XP level 5. HP: 40/40 MP: 5/5
  1897 | D:4      | Reached XP level 6. HP: 32/47 MP: 6/6
  2204 | D:4      | Noticed Pikel
  2220 | D:4      | HP: 10/47 [Pikel/+2 whip of flaming (3)]
  2221 | D:4      | Killed Pikel
  2222 | D:4      | Reached skill level 5 in Unarmed Combat
  2222 | D:4      | Reached skill level 6 in Shapeshifting
  2222 | D:4      | Your scales start taking on a rich purple colour.
  2222 | D:4      | Reached XP level 7. HP: 10/52 MP: 7/7
  2738 | D:4      | Found a glowing golden altar of the Shining One.
  2782 | D:5      | Entered Level 5 of the Dungeon
  2793 | D:5      | Reached skill level 7 in Shapeshifting
  2816 | D:5      | Found a sparkling altar of Nemelex Xobeh.
  3138 | D:5      | Reached skill level 6 in Unarmed Combat
  3247 | D:5      | Reached XP level 8. HP: 59/59 MP: 8/8
  3324 | D:5      | Found Fownam's General Store.
  3500 | D:5      | You add the spells Blink and Manifold Assault to your
                  | library.
  3516 | D:5      | You fall into a shaft and drop 1 floor!
  3585 | D:6      | Reached skill level 8 in Shapeshifting
  3620 | D:6      | Mangled by an ogre

Vanquished Creatures
  Pikel (D:4)
  An ogre (D:4)
  2 scorpions (D:5)
  3 wights (D:6)
  2 hounds
  A jelly (D:5)
  5 orc priests
  A sleepcap (D:4)
  Jessica (D:3)
  2 orc wizards (D:5)
  3 iguanas (D:5)
  5 gnolls
  2 adders (D:3)
  An ufetubus (D:5)
  4 worms
  2 dart slugs (D:1)
  13 orcs
  8 ball pythons
  6 endoplasms
  5 giant cockroaches
  7 goblins
  6 hobgoblins
  3 jackals (D:1)
  2 kobolds
  4 quokkas
  3 bats
  4 frilled lizards
  7 rats
104 creatures vanquished.

Table legend:
 A = Non-vault XP
 B = Vault XP
 C = Vault XP percentage of total XP
 D = Non-vault monster count
 E = Vault monster count
 F = Vault count percentage of total count
                 A         B        C        D         E       F
            +---------+---------+-------+---------+---------+-------
      Total |    1310 |     644 |  33.0 |     101 |       3 |   2.9
            +---------+---------+-------+---------+---------+-------
        D:1 |      47 |       0 |   0.0 |      25 |       0 |   0.0
        D:2 |      33 |       0 |   0.0 |      15 |       0 |   0.0
        D:3 |      69 |      37 |  34.9 |      21 |       1 |   4.5
        D:4 |     305 |     593 |  66.0 |      15 |       1 |   6.2
        D:5 |     589 |       0 |   0.0 |      21 |       0 |   0.0
        D:6 |     267 |      14 |   5.0 |       4 |       1 |  20.0
            +---------+---------+-------+---------+---------+-------

Skill      XL: |  1  2  3  4  5  6  7  8 |
---------------+-------------------------+-----
Shapeshifting  | 4 5 6 7 8 |  8.3
Unarmed Combat | 4 5 6 |  6.7
Fighting       | |  1.1
Dodging        | |  1.7

Action                     |  1- 3 |  4- 6 |  7- 9 || total
---------------------------+-------+-------+-------++-------
  Melee: Unarmed           |    89 |       |       ||    89
         Tailslap          |    12 |    11 |    17 ||    40
         Hand axe          |    23 |    90 |    76 ||   189
         Punch             |       |       |     2 ||     2
    Use: Scroll            |     7 |     3 |     2 ||    12
         Potion            |       |       |     1 ||     1
   Stab: Sleeping          |     2 |       |       ||     2
 Armour: Skin              |    39 |    35 |    38 ||   112
  Dodge: Dodged            |    65 |    46 |    36 ||   147

Illustrated notes

Table legend:
 A = Kills in this place as a percentage of kills in the entire game.
 B = Kills by you in this place as a percentage of kills by you in the entire game.
 C = Kills by friends in this place as a percentage of kills by friends in the entire game.
 D = Other kills in this place as a percentage of other kills in the entire game.
 E = Experience gained in this place as a percentage of experience gained in the entire game.
 F = Experience gained in this place divided by the number of levels of this place that you have seen.
                   A       B       C       D       E      F
               +-------+-------+-------+-------+-------+----------------------
         Total | 100.0 | 100.0 |   N/A |   N/A | 100.0 | 325.7
       Dungeon | 100.0 | 100.0 |   N/A |   N/A | 100.0 | 325.7
               +-------+-------+-------+-------+-------+----------------------

Table legend: (Time is in decaauts)
 A = Elapsed time spent in this place.
 B = Non-inter-level travel time spent in this place.
 C = Inter-level travel time spent in this place.
 D = Time resting spent in this place.
 E = Time spent auto-exploring this place.
 F = Levels seen in this place.
 G = Mean time per level.
                   A        B        C        D        E       F      G
               +--------+--------+--------+--------+--------+-----+--------+
         Total |   3671 |   3574 |     97 |    395 |   2469 |   6 |  611.8 |
       Dungeon |   3671 |   3574 |     97 |    395 |   2469 |   6 |  611.8 |
               +--------+--------+--------+--------+--------+-----+--------+

Top non-repeatable levels by time:
     D:4: 1264 daAuts
     D:5: 752 daAuts
     D:2: 628 daAuts
     D:3: 482 daAuts
     D:1: 436 daAuts
     D:6: 107 daAuts
